 Dungeon Crawl Stone Soup version 0.23.2-40-g277498a001 (webtiles) character file.

Game seed: 7094543380938931466

49 Iskender the Scratcher (level 3, -2/15 HPs)
             Began as a Felid Chaos Knight on Oct 12, 2019.
             Was a Plaything of Xom.
             Slain by a sky beast (6 damage)
             ... on level 2 of the Dungeon on Oct 13, 2019.
             The game lasted 00:08:54 (2024 turns).

Iskender the Scratcher (Felid Chaos Knight)         Turns: 2024, Time: 00:08:57

Health: -2/15      AC:  1    Str:  8    XL:     3   Next: 53%
Magic:  4/4        EV: 18    Int: 13    God:    Xom [...*..]
Gold:   69         SH:  0    Dex: 16    Spells: 2/2 levels left
                                        Lives:  0   Deaths: 0

rFire    . . .     SeeInvis +     - Unarmed
rCold    . . .     Gourm    .   (shield unavailable)
rNeg     . . .     Faith    .   (armour unavailable)
rPois    .         Spirit   .   (helmet unavailable)
rElec    .         Reflect  .   (cloak unavailable)
rCorr    .         Harm     .   (gloves unavailable)
MR       .....                  (boots unavailable)
Stlth    +++.......             (no amulet)
HPRegen  0.05/turn              (no ring)
MPRegen  0.09/turn              (no ring)

@: quick
A: very small, no armour, no weapons or thrown items, stealth, claws 1, fangs 3,
see invisible, carnivore, speed 1, frail 1, shaggy fur 1, slow metabolism 1,
sharp paws
a: Renounce Religion


You were on level 2 of the Dungeon.
You worshipped Xom.
You were a favourite toy of Xom.
You were very full.

You visited 1 branch of the dungeon, and saw 2 of its levels.

You collected 69 gold pieces.

Inventory:

Scrolls
 b - a scroll of enchant weapon {unknown}
 c - a scroll of remove curse {unknown}
 d - a scroll of fog {unknown}
 f - a scroll of noise {unknown}
Potions
 e - a potion of flight {unknown}
Comestibles
 a - 4 rations


   Skills:
 - Level 3.0 Fighting
 - Level 3.2 Dodging
 - Level 3.0 Stealth
 + Level 4.0 Unarmed Combat


You had 2 spell levels left.
You didn't know any spells.
Your spell library was empty.

Dungeon Overview and Level Annotations

Branches:
Dungeon (2/15)

Altars:
Elyvilon
Hepliaklqana
Vehumet


Innate Abilities, Weirdness & Mutations

You cannot wear armour.
You are incapable of wielding weapons or throwing items.
Your paws allow you to move quietly. (Stealth)
You have sharp claws.
You have razor-sharp teeth.
You have supernaturally acute eyesight. (SInv)
You are carnivorous and can eat meat at any time.
You cover ground quickly.
You are covered in fur. (AC +1)
You have a slow metabolism.
Your sharp claws are effective at attacking unaware monsters.
You are frail. (-10% HP)


Message History

Found a stone staircase leading down.
The helpless bat fails to defend itself.
You claw the bat!
You kill the bat!
f - a scroll labeled FAROVV EDWAMEDA A worm comes into view. "Hum-dee-hum-dee-hum..."
The worm evaporates and reforms as a sky beast!
You pounce on the unaware helpless sky beast!
You claw the sky beast!
The sky beast is heavily wounded.
The sky beast flickers out of sight for a moment.
The sky beast hits you. The sky beast shocks you.
You scratch the sky beast but do no damage.
The sky beast is heavily wounded.
The sky beast hits you.
* * * LOW HITPOINT WARNING * * *
The sky beast shocks you.
You die...
Xom thinks this is hilarious!

#.. ......##### ### #.#
### #....># .# ... ..#
### #.....# .# ###
..#######.....# #.#
....'_'.......# #.#
..###'###.....###.## ..#
#.# #.....##...#
..###.###.....##.Y.######
...........###..@........
.#######.#.##........###
.# #.#.##........# ##
#.#.##.##.(.### #
#.#.#...#...# #
#........#### #........#
########.###....# #######
#........#
#....###########......


You could see a sky beast (invisible).

Vanquished Creatures
  3 dart slugs
  2 leopard geckos (D:1)
  4 bats
  A giant cockroach (D:1)
  6 goblins (D:1)
  6 hobgoblins
  3 jackals (D:1)
  A quokka (D:2)
  A frilled lizard (D:1)
  5 kobolds
  5 rats
37 creatures vanquished.

Notes
Turn   | Place    | Note
-------+----------+-------------------------------------------
     0 | D:1      | Iskender the Felid Chaos Knight began the quest for the
                  | Orb.
     0 | D:1      | Reached XP level 1. HP: 10/10 MP: 2/2
     0 | D:1      | XOM: divination: detect items
    20 | D:1      | Reached skill level 1 in Stealth
   211 | D:1      | Reached XP level 2. HP: 10/14 MP: 3/3
   725 | D:1      | Reached XP level 3. HP: 14/17 MP: 4/4
   739 | D:1      | XOM: cloud trail
   970 | D:1      | XOM: mild Pois miscast
  1204 | D:2      | XOM: noise
  1204 | D:2      | Found a white marble altar of Elyvilon.
  1282 | D:1      | XOM: severe Hex miscast
  1510 | D:2      | Reached skill level 4 in Unarmed Combat
  1532 | D:2      | Found a radiant altar of Vehumet.
  1638 | D:2      | XOM: give mutations
  1638 | D:2      | Gained mutation: You are frail. (-10% HP) [Xom's mischief]
  1703 | D:2      | XOM: give mutation
  1808 | D:2      | XOM: mild Necr miscast
  1906 | D:2      | XOM: 5-stop teleportation journey
  1983 | D:2      | Found a hazy altar of Hepliaklqana.
  2021 | D:2      | Noticed a sky beast
  2021 | D:2      | a worm changed into a sky beast
  2021 | D:2      | XOM: polymorph worm -> sky beast
  2024 | D:2      | Slain by a sky beast

Skill      XL: |  1  2  3 |
---------------+----------+-----
Stealth        | 2 3 |  3.0
Unarmed Combat | 4 |  4.0
Fighting       | |  3.0
Dodging        | |  3.2

Action                   || total
-------------------------++-------
Melee: Unarmed           ||    89
       Bite              ||     2
       Punch             ||     1
 Stab: Sleeping          ||    14
  Eat: Chunk             ||     8
Armor: Skin              ||     4
Dodge: Dodged            ||    54
